 Dungeon Crawl Stone Soup version 0.31-a0-161-gb58dd9be76 (webtiles) character file.

Game seed: 13515977666170907733

241 Moral the Digger (level 5, -2/38 HPs)
             Began as a Draconian Earth Elementalist on June 13, 2023.
             Slain by an orc
             ... wielding a +0 mace
              (6 damage)
             ... on level 3 of the Dungeon.
             The game lasted 00:09:30 (2399 turns).

Moral the Digger (Draconian Earth Elementalist)     Turns: 2399, Time: 00:09:32

Health: -2/38      AC:  5    Str: 10    XL:     5   Next: 80%
Magic:  6/9        EV: 12    Int: 17    God:
Gold:   67         SH:  0    Dex: 12    Spells: 6/10 levels left

rFire   . . .        (no weapon)
rCold   . . .        (no shield)
rNeg    . . .        (body armour unavailable)
rPois   .            (helmet restricted)
rElec   .            (no cloak)
rCorr   .            (no gloves)
SInv    .            (no boots)
Will    .....        (no amulet)
Stlth   ++           (no ring)
HPRegen 0.26/turn    (no ring)
MPRegen 0.11/turn

%: no passive effects
@: no status effects
A: AC +5, unfitting armour, cold-blooded
a: no special abilities


You were on level 3 of the Dungeon.
You visited 1 branch of the dungeon, and saw 3 of its levels.

You collected 67 gold pieces.

Inventory:

Scrolls
 b - 2 scrolls of identify
 d - 2 scrolls of vulnerability {unknown}
 e - a scroll of fog {unknown}
Potions
 a - a potion of magic
 f - 2 potions of berserk rage {unknown}
 g - a potion of mutation {unknown}


   Skills:
 + Level 2.5 Dodging
 + Level 2.5 Stealth
 * Level 3.2 Spellcasting
 * Level 3.0 Transmutations
 * Level 4.1 Earth Magic


You had 6 spell levels left.
You knew the following spells:

 Your Spells              Type           Power      Damage    Failure   Level
a - Sandblast             Erth           32%        2d9       3%          1
b - Stone Arrow           Conj/Erth      18%        3d8       22%         3

Your spell library contained the following spells:

 Spells                   Type           Power      Damage    Failure   Level
 Passwall                 Tmut/Erth      12%        N/A       6%          2
 Petrify                  Tmut/Erth      15%        N/A       36%         4


Dungeon Overview and Level Annotations

Branches:
Dungeon (3/15)

Altars:


Innate Abilities, Weirdness & Mutations

Your plain brown scales are hard. (AC +5)
You cannot fit into any form of body armour.
You are cold-blooded and may be slowed by cold attacks.


Message History

* * * LOW HITPOINT WARNING * * *
The orc attacks as you move away! The orc closely misses you.
The orc attacks as you move away! The orc hits you with a +0 falchion.
* * * LOW HITPOINT WARNING * * *
A bat comes into view.
The bat closely misses you. The bat barely misses you.
The bat closely misses you. The bat attacks as you move away!
The bat barely misses you.
Found 8 gold pieces.
The bat misses you. The bat closely misses you.
The bat attacks as you move away! The bat hits you but does no damage.
The bat closely misses you. The bat closely misses you.
The bat barely misses you.
Okay, then.
The bat attacks as you move away! The bat closely misses you.
The bat hits you but does no damage. The bat barely misses you.
The bat barely misses you.
Casting: Sandblast (safe; 3% risk of failure)
Confirm with . or Enter, or press ? or * to list all spells.
Aiming: Sandblast (safe; 3% risk of failure)
Press: ? - help, Shift-Dir - straight line, f - bat
Aim: a bat (73% to hit)
The blast of sand hits the bat.
The bat is severely wounded.
The bat hits you but does no damage. x2; The bat barely misses you.
Casting: Sandblast (safe; 3% risk of failure)
Confirm with . or Enter, or press ? or * to list all spells.
Aiming: Sandblast (safe; 3% risk of failure)
Press: ? - help, Shift-Dir - straight line, f/p - bat
Aim: a bat (severely wounded, 73% to hit)
The blast of sand hits the bat.
You kill the bat!
Casting: Sandblast (safe; 3% risk of failure)
Confirm with . or Enter, or press ? or * to list all spells.
Aiming: Sandblast (safe; 3% risk of failure)
Press: ? - help, Shift-Dir - straight line, f - orc
Aim: an orc, wielding a +0 falchion and wearing a +0 leather armour (82% to hit)
The blast of sand hits the orc!
You kill the orc!
The orc hits you with a +0 mace.
You die...

##.##..#.#.#.##.#
##.####..###.##.##
#o##..#.#.#....#
#.#.#.#..)..####
##o##.#####.#
###.## #<# ###o#.#
#.# #)o##.# #.#
#@## .# #.# ### ##
#.# #.. ###


You could see an orc priest and an orc.

Vanquished Creatures
  Sigmund (D:2)
  2 adders
  A worm (D:2)
  A dart slug (D:2)
  An orc (D:3)
  6 bats
  6 endoplasms
  A giant cockroach (D:3)
  A goblin (D:1)
  5 hobgoblins
  4 jackals (D:2)
  4 kobolds
  3 quokkas (D:1)
  6 ball pythons
  A frilled lizard (D:2)
  4 rats (D:1)
47 creatures vanquished.

Notes
Turn   | Place    | Note
-------+----------+-------------------------------------------
     0 | D:1      | Moral the Draconian Earth Elementalist began the quest for
                  | the Orb.
     0 | D:1      | Reached XP level 1. HP: 14/14 MP: 3/3
    19 | D:1      | Found a faded altar of an unknown god.
   247 | D:1      | Reached XP level 2. HP: 20/20 MP: 3/5
  1012 | D:2      | Reached XP level 3. HP: 21/26 MP: 1/6
  1864 | D:2      | Noticed Sigmund
  1869 | D:2      | Learned a level 3 spell: Stone Arrow
  1957 | D:2      | Killed Sigmund
  1958 | D:2      | Reached skill level 4 in Earth Magic
  1958 | D:2      | Reached XP level 4. HP: 8/33 MP: 3/8
  1958 | D:2      | Reached XP level 5. HP: 9/38 MP: 3/9
  2390 | D:3      | HP: 1/38 [orc/+0 falchion (6)]
  2399 | D:3      | Slain by an orc

Illustrated notes

Levels and vault maps discovered:
D:1:      dpeg_arrival_tiny_c, layout_basic, ebering_ecumenical_altar_box
D:2:      layout_loops_ring, st_stairs_6, uniq_sigmund
D:3:      layout_loops_ring, nicolae_overflow_hidden_temple,
          mainiacjoe_overflow_boulevard, marbit_many_paths,
          nicolae_qazlal_eye_of_the_storm, fiery_altar_vehumet, uniq_terence

Skill      XL: |  1  2  3 |
---------------+----------+-----
Dodging        | 2 |  2.5
Stealth        | 2 |  2.5
Transmutations | 3 |  3.0
Spellcasting   | 3 |  3.2
Earth Magic    | 4 |  4.1

Action                     |  1- 3 |  4- 6 || total
---------------------------+-------+-------++-------
  Melee: Unarmed           |     7 |     2 ||     9
   Cast: Sandblast         |    62 |     9 ||    71
         Stone Arrow       |       |     1 ||     1
    Use: Scroll            |       |     2 ||     2
 Armour: Skin              |    15 |     7 ||    22
  Dodge: Dodged            |    33 |    27 ||    60

Table legend: (Time is in decaauts)
 A = Elapsed time spent in this place.
 B = Non-inter-level travel time spent in this place.
 C = Inter-level travel time spent in this place.
 D = Time resting spent in this place.
 E = Time spent auto-exploring this place.
 F = Levels seen in this place.
 G = Mean time per level.
                   A        B        C        D        E       F      G
               +--------+--------+--------+--------+--------+-----+--------+
         Total |   2433 |   2376 |     57 |    401 |   1524 |   3 |  811.0 |
       Dungeon |   2433 |   2376 |     57 |    401 |   1524 |   3 |  811.0 |
               +--------+--------+--------+--------+--------+-----+--------+

Top non-repeatable levels by time:
     D:2: 1307 daAuts
     D:1: 1004 daAuts
     D:3: 121 daAuts
